 Dungeon Crawl Stone Soup version bcrawl-1.12-8-g964540c432 (webtiles) character file.

Game seed: 2449763811257346529

78 MisterOstroum the Sneak (level 4, -7/42 HPs)
             Began as a Naga Sloth Apostle on June 5, 2019.
             Was a Believer of Cheibriados.
             Killed by divine providence
             ... invoked by an orc priest
              (13 damage)
             ... on level 2 of the Dungeon.
             The game lasted 00:04:58 (3140 turns).

MisterOstroum the Sneak (Naga Sloth Apostle)        Turns: 3140, Time: 00:04:58

Health: -7/42      AC:  2    Str: 19    XL:     4   Next: 36%
Magic:  3/5        EV:  6    Int: 17    God:    Cheibriados [**....]
Gold:   139        SH:  8    Dex: 14    Spells: 4/5 levels left

rFire    . . .     SeeInvis +   a - +0 spear
rCold    . . .     Gourm    .   c - +0 shield
rNeg     . . .     Faith    .   b - +0 robe
rPois    +         Spirit   .   (no helmet)
rElec    .         Reflect  .   (no cloak)
rCorr    .         Harm     .   (no gloves)
MR       .....                  (no barding)
Stlth    +++.......             (no amulet)
HPRegen  0.14/turn              (no ring)
MPRegen  0.09/turn              (no ring)

@: very slow
A: large, see invisible, deformed body, poison resistance, slowness 2, slow
metabolism 1, spit poison 1, AC +1
a: Spit Poison, Bend Time, Renounce Religion


You were on level 2 of the Dungeon.
You worshipped Cheibriados.
Cheibriados was pleased with you.
You were not hungry.

You visited 1 branch of the dungeon, and saw 2 of its levels.

You collected 139 gold pieces.

Inventory:

Hand Weapons
 a - a +0 spear (weapon)
Missiles
 i - 548 stones
 j - 85 javelins (quivered)
Armour
 b - a +0 robe (worn)
 c - a +0 shield (worn)
Wands
 d - a wand of paralysis (9)
Scrolls
 f - 3 scrolls of remove curse {unknown}
 g - a scroll of fear {unknown}
 h - a scroll of magic mapping {unknown}
 k - 4 scrolls of identify {unknown}
 l - a scroll of blinking {unknown}
Potions
 m - a potion of haste {unknown}
 n - a potion of cancellation {unknown}
Comestibles
 e - 2 rations {!d}
 o - a chunk of flesh


   Skills:
 + Level 3.1 Fighting
 + Level 3.2 Polearms
 - Level 5.0 Stealth
 - Level 1.6 Shields
 - Level 1.2 Spellcasting
 - Level 1.2 Hexes
 - Level 1.2 Evocations


You had 4 spell levels left.
You knew the following spells:

 Your Spells              Type           Power        Failure   Level  Hunger
a - Slow                  Hex            #.......     52%         1    ##.....
Your spell library was empty.

Dungeon Overview and Level Annotations

Branches:
Dungeon (2/12)

Altars:
Dithmenos


Innate Abilities, Weirdness & Mutations

You cannot wear boots.
Your serpentine skin is tough. (AC +1)
You have supernaturally acute eyesight. (SInv)
Armour fits poorly on your strangely shaped body.
Your system is resistant to poisons. (rPois)
You cover ground very slowly.
You have a slow metabolism.
You can spit poison.


Message History

Butcher a jackal corpse? [(y)es/(n)o/(a)ll/(q)uit/?]
You butcher the jackal corpse.
o - 2 chunks of flesh (gained 1)
Things that are here:
a jackal corpse x2; a jackal skeleton Butcher a jackal corpse? [(y)es/(n)o/(a)ll/(q)uit/?]
Butcher a jackal corpse? [(y)es/(n)o/(a)ll/(q)uit/?]
You butcher the jackal corpse.
o - 4 chunks of flesh (gained 2)
Things that are here:
a jackal corpse; a jackal skeleton x2
Things that are here:
a jackal corpse; a jackal skeleton x2
You butcher the jackal corpse.
o - 7 chunks of flesh (gained 3)
Things that are here:
a jackal skeleton x3
Eating one of 7 chunks of flesh.
You eat one of the 7 chunks of flesh.
This raw flesh tastes terrible.
Some of the chunks of flesh in your inventory have rotted away.
Some of the chunks of flesh in your inventory have rotted away.
Things that are here:
a jackal skeleton x3
Things that are here:
a cursed +0 club; a goblin skeleton
i - 548 stones (gained 200)
There is an open door here.
An orc comes into view.
The orc shouts!
You hear a shout!
An orc priest comes into view.
You hear a shout!
There are monsters nearby!
An orc comes into view. It is wielding a +0 mace.
Throwing (i - inventory. (/) - cycle)
j - 86 javelins (quivered)
Press: ? - help, Shift-Dir - straight line, f - orc
Aim: an orc, wielding a +0 mace You throw a javelin.
The javelin hits the orc.
The orc is moderately wounded.
An orc wizard comes into view. It is wielding a +0 dagger.
Throwing (i - inventory. (/) - cycle)
j - 85 javelins (quivered)
Press: ? - help, Shift-Dir - straight line, f/p - orc
Aim: an orc, wielding a +0 mace (moderately wounded)
Okay, then.
The flow of time bends around you.
Cheibriados rebukes the orc.
The orc seems to slow down.
You feel slightly more hungry.
The orc priest calls upon Beogh to heal the orc.
The orc's wounds heal themselves!
The orc wizard shouts!
You barely miss the orc. The orc barely misses you.
The orc wizard gestures wildly while chanting.
The orc wizard flickers and vanishes for a moment.
You hit the orc but do no damage. The orc hits you with a +0 mace.
You hit the orc.
The orc is severely wounded.
The orc priest calls upon Beogh to heal the orc.
The orc's wounds heal themselves!
Your shield prevents you from hitting the orc.
You block the orc's attack.
You hit the orc.
The orc is heavily wounded.
You barely miss the orc.
The orc is heavily wounded.
The orc hits you with a +0 mace!
You hit the orc.
You kill the orc!
Cheibriados appreciates the change of pace.
Okay, then.
You barely miss the orc priest. The orc priest barely misses you.
You hit the orc priest but do no damage.
You block the orc priest's attack. The orc priest hits you.
You hit the orc priest.
The orc priest is lightly wounded.
The orc priest calls down the wrath of Beogh upon you.
Beogh smites you!
You barely miss the orc priest.
The orc priest is lightly wounded.
You hit the orc priest.
The orc priest is moderately wounded.
The orc priest hits you.
You hit the orc priest but do no damage.
The orc priest is moderately wounded.
The orc priest hits you.
You closely miss the orc priest.
The orc priest is moderately wounded.
The orc priest invokes the aid of Beogh against you.
Beogh smites you!
* * * LOW HITPOINT WARNING * * *
You hit the orc priest.
The orc priest is severely wounded.
You closely miss the orc priest.
The orc priest is severely wounded.
You block the orc priest's attack. The orc priest barely misses you.
You barely miss the orc priest.
The orc priest is severely wounded.
You hit the orc priest.
The orc priest is severely wounded.
The orc priest calls down the wrath of Beogh upon you.
Beogh smites you!
You die...

##.##....#.#..)......###
.....................'.
##.##...##.#.........#
#.###)###.##.......##
#...÷.÷...###.....##
#####.##### ##...## #.#
##'## #.# #.# #.# #@#
#.# #o# #.#
#....oo..o.... .#
#.##.......o.#
##...#..... ##.##..###
#.# ... #.# ### #.#


You could see an orc priest, an orc wizard (invisible) and an orc.

Vanquished Creatures
  A worm (D:2)
  3 dart slugs
  A leopard gecko (D:1)
  6 orcs (D:2)
  2 giant cockroaches
  7 goblins
  9 hobgoblins
  8 jackals
  3 kobolds
  3 quokkas
  4 bats
  A frilled lizard (D:1)
  6 rats
54 creatures vanquished.

Notes
Turn   | Place    | Note
-------+----------+-------------------------------------------
     0 | D:1      | MisterOstroum the Naga Sloth Apostle began the quest for
                  | the Orb.
     0 | D:1      | Reached XP level 1. HP: 19/19 MP: 2/2
   182 | D:1      | Reached skill level 5 in Stealth
   191 | D:1      | Reached XP level 2. HP: 20/26 MP: 3/3
  1021 | D:1      | Reached * piety under Cheibriados
  1021 | D:1      | Reached XP level 3. HP: 33/33 MP: 4/4
  1615 | D:2      | Found a shadowy altar of Dithmenos.
  2114 | D:2      | Reached XP level 4. HP: 12/40 MP: 5/5
  2625 | D:2      | Reached ** piety under Cheibriados
  3140 | D:2      | Killed from afar by an orc priest

Skill      XL: |  1  2  3  4 |
---------------+-------------+-----
Stealth        | 5 |  5.0
Polearms       | 3 |  3.2
Fighting       | 3 |  3.1
Shields        | |  1.6
Spellcasting   | |  1.2
Hexes          | |  1.2
Evocations     | |  1.2

Action                   |  1- 3 |  4- 6 || total
-------------------------+-------+-------++-------
Melee: Spear             |   154 |   100 ||   254
Throw: Stone             |    19 |    23 ||    42
       Javelin           |       |     1 ||     1
Invok: Bend Time         |       |     1 ||     1
 Abil: Spit Poison       |     3 |       ||     3
Evoke: Wand              |     1 |       ||     1
 Stab: Sleeping          |     8 |       ||     8
       Paralysed         |     1 |       ||     1
  Eat: Chunk             |     2 |     2 ||     4
Armor: Robe              |    17 |    37 ||    54
Dodge: Dodged            |    29 |    30 ||    59
Block: Shield            |    38 |    52 ||    90
